 Dungeon Crawl Stone Soup version 0.27.1-1-g398f81649c (webtiles) character file.

Game seed: 13712221487473219697

60 zdrol the Covered (level 3, 0/33 HPs)
             Began as a Minotaur Fighter on Sept 8, 2021.
             Slain by a hobgoblin (3 damage)
             ... led by Robin
             ... on level 2 of the Dungeon.
             The game lasted 00:04:28 (1251 turns).

zdrol the Covered (Minotaur Fighter)                Turns: 1251, Time: 00:04:28

Health: 0/33       AC:  7    Str: 21    XL:     3   Next: 80%
Magic:  2/2        EV:  7    Int:  5    God:
Gold:   51         SH:  9    Dex:  9    Spells: 2/2 levels left

rFire    . . .     SeeInvis .   a - +0 long sword
rCold    . . .     Faith    .   c - +0 kite shield
rNeg     . . .     Spirit   .   b - +0 scale mail
rPois    .         Reflect  .   (helmet restricted)
rElec    .         Harm     .   (no cloak)
rCorr    .         Rampage  .   (no gloves)
Will     .....                  (no boots)
Stlth    ..........             (no amulet)
HPRegen  0.11/turn              (no ring)
MPRegen  0.08/turn              (no ring)

@: no status effects
A: horns 2, retaliatory headbutt
a: no special abilities


You were on level 2 of the Dungeon.
You visited 1 branch of the dungeon, and saw 3 of its levels.

You collected 51 gold pieces.

Inventory:

Hand Weapons
 a - a +0 long sword (weapon)
Missiles
 f - 16 poisoned darts (quivered)
Armour
 b - a +0 scale mail (worn)
 c - a +0 kite shield (worn)
Potions
 d - a potion of might
 e - 3 potions of mutation
 g - a potion of invisibility
 h - a potion of cancellation {unknown}
 i - a potion of heal wounds {unknown}
 j - a potion of haste {unknown}


   Skills:
 + Level 4.2 Fighting
 + Level 3.1 Long Blades
 + Level 4.5 Armour
 + Level 4.1 Shields


You had 2 spell levels left.
You didn't know any spells.
Your spell library was empty.

Dungeon Overview and Level Annotations

Branches:
Dungeon (3/15)

Altars:

Annotations:
D:3 Robin, Terence


Innate Abilities, Weirdness & Mutations

You have a pair of horns on your head.
You reflexively headbutt those who attack you in melee.


Message History

a +1 dagger of flaming; a goblin corpse
There is a stone staircase leading down here.
You can't go up here!
You climb downwards.
Level annotation: Robin The hobgoblin hits you but does no damage.
The hobgoblin hits you. You block the goblin's attack.
There is a stone staircase leading up here.
You block the goblin's attack. The hobgoblin completely misses you.
You riposte.
You hit the hobgoblin but do no damage. Your headbutt misses the hobgoblin.
Robin hits you from afar with a +0 spear.
You block the hobgoblin's attack. You block the goblin's attack.
You climb upwards.
There is a stone staircase leading down here.
Your shield prevents you from hitting the goblin.
You block the goblin's attack.
The hobgoblin hits you but does no damage.
The hobgoblin hits you. The goblin hits you with a +0 dagger.
The goblin hits you with a +0 club.
The hobgoblin hits you but does no damage.
You slash the goblin!
You kill the goblin!
You block the hobgoblin's attack. The goblin hits you with a +0 club.
The hobgoblin hits you. x2
* * * LOW HITPOINT WARNING * * *
You hit the goblin. You headbutt the goblin.
You kill the goblin!
The hobgoblin closely misses you.
The hobgoblin hits you but does no damage.
You hit the hobgoblin but do no damage. The hobgoblin hits you.
* * * LOW HITPOINT WARNING * * *
You block the hobgoblin's attack. x2; The hobgoblin barely misses you.
You closely miss the hobgoblin. Your headbutt misses the hobgoblin.
You block the hobgoblin's attack.
The hobgoblin hits you but does no damage.
You slash the hobgoblin!
You kill the hobgoblin!
The hobgoblin hits you.
You die...

#....#.#.##..#
#....#†#.##..#
#....#.#.##..#
#....#.####8.#
#.........88.#
##..#.#..8....###
#...#...#######.
##..##.....#.#.#######
#......)......)@)...#
##.##.....##...)g...#
#.##...............#..
#.##.....##...........
#.##.....##...........
#.##.....##...........
#.##.....#####........
#.##.....# #........
#.######## #.....#..


You could see a hobgoblin (strong).

Vanquished Creatures
  2 adders (D:2)
  A dart slug (D:2)
  A ball python (D:2)
  3 bats (D:1)
  2 endoplasms (D:1)
  2 giant cockroaches (D:1)
  6 goblins
  2 hobgoblins (D:2)
  2 jackals (D:2)
  6 quokkas
  A frilled lizard (D:1)
  4 kobolds
  4 rats
36 creatures vanquished.

Vanquished Creatures (others)
  5 plants (D:1)
  5 toadstools (D:1)
10 creatures vanquished.

Grand Total: 46 creatures vanquished

Notes
Turn   | Place    | Note
-------+----------+-------------------------------------------
     0 | D:1      | zdrol the Minotaur Fighter began the quest for the Orb.
     0 | D:1      | Reached XP level 1. HP: 19/19 MP: 0/0
   262 | D:1      | Reached XP level 2. HP: 27/27 MP: 1/1
   364 | D:1      | Found a faded altar of an unknown god.
   414 | D:1      | You fall into a shaft and drop 1 floor!
   431 | D:2      | Reached XP level 3. HP: 14/33 MP: 2/2
  1236 | D:3      | Noticed Robin
  1244 | D:3      | Noticed Terence
  1251 | D:2      | Slain by a hobgoblin

Illustrated notes

Levels and vault maps discovered:
D:1:      ldierk_walled_garden, layout_rooms,
          shapermc_ecumenical_altar_mp_ritualfount
D:2:      minmay_kobold_bridge, layout_basic, serial_glass, glass_columns_b,
          glass_columns_c, chequers_decorated_corner
D:3:      layout_loops_ring, gammafunk_ghost_smash,
          hangedman_abyss_or_decor_stabs, uniq_terence, uniq_robin

Skill      XL: |  1  2  3 |
---------------+----------+-----
Armour         | 4 |  4.5
Fighting       | 4 |  4.2
Shields        | 4 |  4.1
Long Blades    | 3 |  3.1

Action                   || total
-------------------------++-------
Melee: Long sword        ||    64
       Headbutt          ||    14
Throw: Dart              ||     3
  Use: Scroll            ||     1
       Potion            ||     1
Armor: Scale mail        ||    35
Dodge: Dodged            ||    18
Block: Kite shield       ||    40
       Rpst.: Long sword ||     3
